Silver Tips vs Senators

Created - Tuesday, January 14, 2025 at 22:35

Goals
1 2 3 OT1 SO T
Silver Tips 1 1 0 0 1 3
Senators 1 1 0 0 0 2
Shots
1 2 3 OT1 SO T
Silver Tips 14 10 8 6 3 38
Senators 14 4 6 3 3 27

1st period

1. Senators , Greg McKegg 9 (Peter Abbandonato 17, Dakota Mermis 23) at 4:09
2. Silver Tips , Chase De Leo 11 (Jeremy Davies 9, David Jiricek 19) at 19:22

Penalties :
Milan Lucic (BEL) for Tripping (Minor) at 0:55, Riley Stillman (BEL) for Hooking (Minor) at 5:02, Yegor Zamula (EVT) for Cross-checking (Minor) at 8:42

2nd period

3. Silver Tips , Juuso Parssinen 9 (Kailer Yamamoto 16, Erik Gustafsson 28) at 11:57
4. Senators , Tye Felhaber 8 (Gerry Mayhew 15, Graeme Clarke 33) at 16:41

Penalties :
Givani Smith (BEL) for Tripping (Minor) at 1:25, Marc Staal (EVT) for Roughing (Minor) at 4:35, Mathieu Olivier (BEL) for Hooking (Minor) at 8:28, Givani Smith (BEL) for Holding (Minor) at 13:00, David Jiricek (EVT) for Hooking (Minor) at 19:34

3rd period

No Goal

Penalties :
Caleb Jones (EVT) for Tripping (Minor) at 0:48, Mathieu Olivier (BEL) for Tripping (Minor) at 2:13, Adam Cracknell (EVT) for Hooking (Minor) at 4:14, Mathieu Olivier (BEL) for Interference (Minor) at 8:47, Jeremy Davies (EVT) for Roughing (Minor) at 10:52, Riley Stillman (BEL) for Roughing (Minor) at 12:54, Jon Merrill (BEL) for Holding (Minor) at 15:20, Jon Merrill (BEL) for Roughing (Minor) at 17:59

Overtime #1

No Goal

Penalties :
No Penalty

Shootout

Silver Tips, Samuel Fagemo - Goal!
Senators, Gerry Mayhew - Stopped by Joel Hofer
Silver Tips, Juuso Parssinen - Shot Misses the Net
Senators, Seth Griffith - Stopped by Joel Hofer
Silver Tips, Kailer Yamamoto - Stopped by Alexei Kolosov
Senators, Graeme Clarke - Stopped by Joel Hofer

Penalties :
No Penalty

Goalie Stats

Joel Hofer (EVT), 25 saves from 27 shots - (0.926), W, 27-5-1, 65:00 minutes
Alexei Kolosov (BEL), 36 saves from 38 shots - (0.947), OTL, 22-10-2, 65:00 minutes

Players Stats for Silver Tips

Player Name              G  A  P  +/- PIM S  H  SB GA TA FO     MP     PP MP  PK MP  
------------------------------------------------------------------------------------
Adam Cracknell           0  0  0   0  2   3  0  0  0  0  2/6    11:56   1:30   0:10 
Aku Raty                 0  0  0   0  0   0  0  0  0  0  0/0     0:00   0:00   0:00 
Brock McGinn             0  0  0   0  0   4  2  0  0  0  2/2    21:19  10:23   1:45 
Caleb Jones              0  0  0  -1  2   3  1  10 0  0  0/0    22:19   9:13   3:29 
Chase De Leo             1  0  1   0  0   2  0  0  0  0  0/1    12:16   0:00   1:07 
David Jiricek            0  1  1   0  2   0  2  1  0  0  0/0    15:10   0:50   2:30 
Dylan Holloway           0  0  0   0  0   8  1  0  0  0  13/29  23:24   9:49   5:03 
Elmer Soderblom          0  0  0   0  0   3  4  0  0  0  0/1    18:06  10:23   0:00 
Erik Gustafsson          0  1  1   1  0   1  0  1  0  0  0/0    26:39   9:43   4:52 
Jeremy Davies            0  1  1   0  2   1  2  1  0  0  0/0    14:22   0:00   3:32 
Juuso Parssinen          1  0  1   0  0   3  1  0  0  0  6/16   21:52   8:11   6:10 
Kailer Yamamoto          0  1  1   0  0   2  1  0  0  0  3/10   23:50   8:39   2:34 
Marc Staal               0  0  0   1  2   1  3  0  0  0  0/0    24:06   9:13   3:47 
Nathan Todd              0  0  0   0  0   1  0  0  0  0  4/10   10:43   0:00   0:00 
Patrick Maroon           0  0  0   0  0   0  0  0  0  0  0/0     0:27   0:00   0:27 
Raphael Lavoie           0  0  0   0  0   1  0  0  0  0  9/19   14:52   0:00   3:09 
Samuel Fagemo            0  0  0   0  0   4  0  0  0  0  0/0    19:20   8:53   0:00 
Yegor Zamula             0  0  0  -1  2   1  0  1  0  0  0/0    22:19   9:33   2:59 

Players Stats for Senators

Player Name              G  A  P  +/- PIM S  H  SB GA TA FO     MP     PP MP  PK MP  
------------------------------------------------------------------------------------
Cal O'Reilly             0  0  0   0  0   0  0  1  0  0  6/13   14:24   0:00   6:08 
Cameron Hebig            0  0  0   0  0   1  0  0  0  0  0/0    14:19   4:03   2:00 
Dakota Mermis            0  1  1   1  0   2  0  1  0  0  0/0    20:57   6:32   3:01 
Gerry Mayhew             0  1  1   0  0   1  1  0  0  0  2/3    14:38   6:07   0:00 
Givani Smith             0  0  0   0  4   3  0  0  0  0  0/0    12:55   4:28   0:00 
Graeme Clarke            0  1  1   0  0   3  0  0  0  0  8/12   17:28   6:32   1:11 
Greg McKegg              1  0  1   0  0   1  1  0  0  0  12/17  19:14   0:19  12:15 
Jon Merrill              0  0  0  -2  4   0  1  0  0  0  0/0    17:09   4:03   1:08 
Logan Day                0  0  0  -2  0   0  2  5  0  0  0/0    19:05   0:00   9:51 
Mathieu Olivier          0  0  0   0  6   2  3  0  0  0  1/1    22:36   6:06   6:51 
Milan Lucic              0  0  0   0  2   3  0  1  0  0  1/2    13:24   0:00   5:09 
Peter Abbandonato        0  1  1   0  0   1  0  0  0  0  9/21   11:08   4:28   0:00 
Riley Stillman           0  0  0   1  4   0  3  0  0  0  0/0    17:35   0:00   6:33 
Roland McKeown           0  0  0   1  0   2  3  1  0  0  0/0    19:49   0:00   8:45 
Seth Griffith            0  0  0   0  0   5  0  0  0  0  15/24  16:59   6:32   0:00 
Tye Felhaber             1  0  1   0  0   2  1  0  0  0  1/1    15:55   3:44   5:01 
Tyler Spezia             0  0  0   0  0   0  0  0  0  0  0/0     8:16   0:00   0:00 
William Villeneuve       0  0  0   1  0   1  1  3  0  0  0/0    19:09   0:00   9:11 

3 Stars

1 - Alexei Kolosov (BEL)
2 - Juuso Parssinen (EVT)
3 - Chase De Leo (EVT)

Power Play

Silver Tips - 0 on 10 Attempt(s) - 0.00%
Senators - 0 on 6 Attempt(s) - 0.00%

Penalty Kill

Silver Tips - 6 on 6 Attempt(s) - 100.00% - Score 0 goal in Penalty Kill
Senators - 10 on 10 Attempt(s) - 100.00% - Score 0 goal in Penalty Kill

Team Stat

Silver Tips - Hits : 17 - Faceoff Wins : 39 - Blocked Shots : 14 - Penalty Minutes : 12
Senators - Hits : 16 - Faceoff Wins : 55 - Blocked Shots : 12 - Penalty Minutes : 20

Official

Referees : Jordan Samuels and Jon Mcisaac
Linesman : CJ Murray and Scott Cherrey

Game Notes

No Game Note

Finance

Level 1 -- Attendance: 1955 (97.75%) -- Ticket Income $68,425
Level 2 -- Attendance: 1000 (100.00%) -- Ticket Income $15,000
Total Attendance: 2955 (98.50%)
Total Ticket Income: $83,425
Other Income: $40,878
Total Income: $124,303

Silver Tips

5 vs 5 Forward 
   Center                   Left Wing                Right Wing               Time % Phy DF OF 
 1 Juuso Parssinen          Nathan Todd              Kailer Yamamoto          25     1   2  2  
 2 Dylan Holloway           Elmer Soderblom          Brock McGinn             25     1   2  2  
 3 Raphael Lavoie           Chase De Leo             Samuel Fagemo            25     1   2  2  
 4 Nathan Todd              Kailer Yamamoto          Adam Cracknell           25     1   2  2  

5 vs 5 Defense 
   Defense                  Defense                                           Time % Phy DF OF 
 1 Erik Gustafsson          Marc Staal                                        25     1   2  2  
 2 Caleb Jones              Yegor Zamula                                      25     1   2  2  
 3 David Jiricek            Jeremy Davies                                     25     1   2  2  
 4 Erik Gustafsson          Marc Staal                                        25     1   2  2  

PowerPlay Forward 
   Center                   Left Wing                Right Wing               Time % Phy DF OF 
 1 Juuso Parssinen          Samuel Fagemo            Kailer Yamamoto          60     1   2  2  
 2 Dylan Holloway           Elmer Soderblom          Brock McGinn             40     1   2  2  

PowerPlay Defense
   Defense                  Defense                                           Time % Phy DF OF 
 1 Erik Gustafsson          Marc Staal                                        60     1   2  2  
 2 Caleb Jones              Yegor Zamula                                      40     1   2  2  

Penalty Kill 4 Players Forward 
   Center                   Wing                     Time % Phy DF OF 
 1 Dylan Holloway           Juuso Parssinen          60     1   2  2  
 2 Kailer Yamamoto          Brock McGinn             40     1   2  2  

Penalty Kill 4 Players Defense
   Defense                  Defense                  Time % Phy DF OF 
 1 Erik Gustafsson          Marc Staal               60     1   2  2  
 2 Caleb Jones              Yegor Zamula             40     1   2  2  

Penalty Kill - 3 Players Forward 
   Forward                                           Time % Phy DF OF 
 1 Kailer Yamamoto                                   60     1   2  2  
 2 Juuso Parssinen                                   40     1   2  2  

Penalty Kill - 3 Players Defense
   Defense                  Defense                  Time % Phy DF OF 
 1 Erik Gustafsson          Marc Staal               60     1   2  2  
 2 Caleb Jones              Yegor Zamula             40     1   2  2  

4 vs 4 Forward 
   Center                   Wing                     Time % Phy DF OF 
 1 Raphael Lavoie           Juuso Parssinen          60     1   2  2  
 2 Kailer Yamamoto          Brock McGinn             40     1   2  2  

4 vs 4 Defense
   Defense                  Defense                  Time % Phy DF OF 
 1 Erik Gustafsson          Marc Staal               60     1   2  2  
 2 Caleb Jones              Yegor Zamula             40     1   2  2  

Last Minutes Offensive
   Center                   Left Wing                Right Wing               Defense                  Defense                  
   Juuso Parssinen          Brock McGinn             Kailer Yamamoto          Erik Gustafsson          Marc Staal               

Last Minutes Defensive
   Center                   Left Wing                Right Wing               Defense                  Defense                  
   Juuso Parssinen          Brock McGinn             Kailer Yamamoto          Erik Gustafsson          Marc Staal               

Goaltenders
Starting : Joel Hofer               
Backup : Sebastian Cossa          

Extra Forwards
Normal : Juuso Parssinen, Samuel Fagemo, Raphael Lavoie - PP : Juuso Parssinen, Samuel Fagemo - PK : Raphael Lavoie
Extra Defensemen
Normal : David Jiricek, Jeremy Davies, Caleb Jones - PP : David Jiricek - PK : Jeremy Davies, Caleb Jones
Penalty Shots
Samuel Fagemo, Juuso Parssinen, Kailer Yamamoto, Brock McGinn, Dylan Holloway
Custom OT Lines Forwards
Adam Cracknell, Juuso Parssinen, Kailer Yamamoto, Brock McGinn, Dylan Holloway, Samuel Fagemo, Raphael Lavoie, Elmer Soderblom, Nathan Todd, Chase De Leo
Custom OT Lines Defensemen
Erik Gustafsson, Marc Staal, Caleb Jones, Yegor Zamula, David Jiricek

Scratches
Santtu Kinnunen (Healthy), Adam Ginning (Healthy), Henri Nikkanen (Healthy), William Trudeau (Healthy), Brendan Perlini (Healthy)
Tyce Thompson (Healthy), Mikael Pyyhtia (Healthy), Olle Lycksell (Healthy), Hayden Hodgson (Healthy), Adam Edstrom (Healthy)
Navrin Mutter (Healthy), Zack Ostapchuk (Healthy), Gustav Olofsson (Healthy), Alexander Kisakov (Healthy), Maximus Wanner (Healthy)
Andre Lee (Healthy), Carter Savoie (Healthy), Jeremy McKenna (Healthy), Nathan Gaucher (Healthy), Rem Pitlick (Healthy)
Ryan Hofer (Healthy), Blade Jenkins (Healthy), Riley Sawchuk (Healthy), Judd Caulfield (Healthy), Tarun Fizer (Healthy)
Jake Wise (Healthy), Mitch Reinke (Healthy), Rourke Chartier (Healthy), Mike O'Leary (Healthy), Joel Teasdale (Healthy)
Tate Singleton (Healthy), Joseph Cecconi (Healthy), Peter DiLiberatore (Healthy), Leevi Merilainen (Healthy), Vadim Zherenko (Healthy)
Remi Poirier (Healthy), Colten Ellis (Healthy), Dustin Wolf (Healthy)

Senators

5 vs 5 Forward 
   Center                   Left Wing                Right Wing               Time % Phy DF OF 
 1 Seth Griffith            Cameron Hebig            Mathieu Olivier          30     0   1  4  
 2 Graeme Clarke            Tye Felhaber             Gerry Mayhew             27     0   1  4  
 3 Peter Abbandonato        Greg McKegg              Givani Smith             24     0   1  4  
 4 Cal O'Reilly             Tyler Spezia             Milan Lucic              19     0   1  4  

5 vs 5 Defense 
   Defense                  Defense                                           Time % Phy DF OF 
 1 William Villeneuve       Dakota Mermis                                     30     0   4  1  
 2 Logan Day                Jon Merrill                                       30     0   4  1  
 3 Roland McKeown           Riley Stillman                                    30     0   4  1  
 4 William Villeneuve       Dakota Mermis                                     10     0   4  1  

PowerPlay Forward 
   Center                   Left Wing                Right Wing               Time % Phy DF OF 
 1 Seth Griffith            Mathieu Olivier          Gerry Mayhew             60     0   0  5  
 2 Peter Abbandonato        Tye Felhaber             Givani Smith             40     0   0  5  

PowerPlay Defense
   Defense                  Defense                                           Time % Phy DF OF 
 1 Graeme Clarke            Dakota Mermis                                     60     0   1  4  
 2 Cameron Hebig            Jon Merrill                                       40     0   1  4  

Penalty Kill 4 Players Forward 
   Center                   Wing                     Time % Phy DF OF 
 1 Greg McKegg              Mathieu Olivier          60     0   4  1  
 2 Cal O'Reilly             Milan Lucic              40     0   4  1  

Penalty Kill 4 Players Defense
   Defense                  Defense                  Time % Phy DF OF 
 1 William Villeneuve       Logan Day                60     0   5  0  
 2 Riley Stillman           Roland McKeown           40     0   5  0  

Penalty Kill - 3 Players Forward 
   Forward                                           Time % Phy DF OF 
 1 Greg McKegg                                       60     0   5  0  
 2 Cal O'Reilly                                      40     0   5  0  

Penalty Kill - 3 Players Defense
   Defense                  Defense                  Time % Phy DF OF 
 1 William Villeneuve       Logan Day                60     0   5  0  
 2 Riley Stillman           Roland McKeown           40     0   5  0  

4 vs 4 Forward 
   Center                   Wing                     Time % Phy DF OF 
 1 Seth Griffith            Gerry Mayhew             60     0   0  5  
 2 Peter Abbandonato        Givani Smith             40     0   0  5  

4 vs 4 Defense
   Defense                  Defense                  Time % Phy DF OF 
 1 Graeme Clarke            Dakota Mermis            60     0   1  4  
 2 Cameron Hebig            Jon Merrill              40     0   1  4  

Last Minutes Offensive
   Center                   Left Wing                Right Wing               Defense                  Defense                  
   Seth Griffith            Mathieu Olivier          Gerry Mayhew             Graeme Clarke            Dakota Mermis            

Last Minutes Defensive
   Center                   Left Wing                Right Wing               Defense                  Defense                  
   Cal O'Reilly             Greg McKegg              Mathieu Olivier          Dakota Mermis            William Villeneuve       

Goaltenders
Starting : Alexei Kolosov           
Backup : Pavel Cajan              

Extra Forwards
Normal : Seth Griffith, Gerry Mayhew, Graeme Clarke - PP : Seth Griffith, Graeme Clarke - PK : Mathieu Olivier
Extra Defensemen
Normal : Dakota Mermis, Jon Merrill, William Villeneuve - PP : Dakota Mermis - PK : Dakota Mermis, William Villeneuve
Penalty Shots
Gerry Mayhew, Seth Griffith, Graeme Clarke, Cameron Hebig, Mathieu Olivier
Custom OT Lines Forwards
Seth Griffith, Mathieu Olivier, Graeme Clarke, Givani Smith, Gerry Mayhew, Cameron Hebig, Peter Abbandonato, Greg McKegg, Cal O'Reilly, Milan Lucic
Custom OT Lines Defensemen
Dakota Mermis, Jon Merrill, William Villeneuve, Roland McKeown, Riley Stillman

Scratches
Paul LaDue (Healthy), Mike Benning (Healthy), Blake Hillman (Healthy), Alex Whelan (Healthy), Zach Jordan (Healthy)
Travis Barron (Healthy), Mark Pysyk (Healthy), Josh Melnick (Healthy), Nikolas Brouillard (Healthy), Lassi Thomson (Healthy)

% Time on Ice - Silver Tips

Lines # - Real PCT - Wanted PCT - Time Play
Normal Forward
1 - 15% - 25% - 4:23
2 - 26% - 25% - 7:43
3 - 38% - 25% - 11:09
4 - 21% - 25% - 6:20
Normal Defense
1 - 16% - 25% - 4:46
2 - 31% - 25% - 9:14
3 - 37% - 25% - 10:51
4 - 16% - 25% - 4:44
PP Forward
1 - 46% - 60% - 8:53
2 - 54% - 40% - 10:23
PP Defense
1 - 50% - 60% - 9:43
2 - 50% - 40% - 9:33
PK Forward
1 - 79% - 60% - 7:49
2 - 21% - 40% - 2:01
PK Defense
1 - 59% - 60% - 5:46
2 - 41% - 40% - 4:04
PK3 Forward
1 - 100% - 60% - 0:45
2 - 0% - 40% - 0:00
PK3 Defense
1 - 69% - 60% - 0:31
2 - 31% - 40% - 0:14
44 Forward
1 - 100% - 60% - 0:34
2 - 0% - 40% - 0:00
44 Defense
1 - 0% - 60% - 0:00
2 - 100% - 40% - 0:34
Last Minute Offensive  - 0:00
Last Minute Defensive  - 0:00
Total
Forward - 60:00
Defense - 60:00

% Time on Ice - Senators

Lines # - Real PCT - Wanted PCT - Time Play
Normal Forward
1 - 25% - 30% - 7:29
2 - 24% - 27% - 7:10
3 - 23% - 24% - 6:40
4 - 28% - 19% - 8:16
Normal Defense
1 - 28% - 30% - 8:15
2 - 33% - 30% - 9:54
3 - 37% - 30% - 11:04
4 - 1% - 10% - 0:22
PP Forward
1 - 58% - 60% - 6:07
2 - 42% - 40% - 4:28
PP Defense
1 - 62% - 60% - 6:32
2 - 38% - 40% - 4:03
PK Forward
1 - 68% - 60% - 13:11
2 - 32% - 40% - 6:05
PK Defense
1 - 55% - 60% - 10:34
2 - 45% - 40% - 8:42
PK3 Forward
1 - 0% - 60%
2 - 0% - 40%
PK3 Defense
1 - 0% - 60%
2 - 0% - 40%
44 Forward
1 - 100% - 60% - 0:34
2 - 0% - 40% - 0:00
44 Defense
1 - 100% - 60% - 0:34
2 - 0% - 40% - 0:00
Last Minute Offensive  - 0:00
Last Minute Defensive  - 0:00
Total
Forward - 60:00
Defense - 60:00

Play-by-Play

1st period


0:01 of 1st period - Seth Griffith wins face-off versus Juuso Parssinen in neutral zone.
0:09 of 1st period - Off-side.
0:10 of 1st period - Dylan Holloway wins face-off versus Gerry Mayhew in neutral zone.
0:40 of 1st period - Shot by Graeme Clarke.
0:40 of 1st period - Stopped by Joel Hofer without a rebound.
0:41 of 1st period - Peter Abbandonato wins face-off versus Raphael Lavoie in Silver Tips zone.
0:43 of 1st period - Givani Smith is hit by Jeremy Davies and loses puck.
0:50 of 1st period - Shot by Peter Abbandonato.
0:50 of 1st period - Deflect By Givani Smith.
0:50 of 1st period - Stopped by Joel Hofer without a rebound.
0:51 of 1st period - Cal O'Reilly wins face-off versus Nathan Todd in Silver Tips zone.
0:52 of 1st period - Shot by Tyler Spezia.
0:52 of 1st period - Shot Misses the Net.
0:55 of 1st period - Minor Penalty to Milan Lucic for Tripping.
0:56 of 1st period - Greg McKegg wins face-off versus Juuso Parssinen in Senators zone.
1:02 of 1st period - Icing by Marc Staal.
1:03 of 1st period - Juuso Parssinen wins face-off versus Greg McKegg in Silver Tips zone.
2:07 of 1st period - Riley Stillman is hit by Elmer Soderblom and loses puck.
2:12 of 1st period - Shot by Yegor Zamula.
2:12 of 1st period - Shot Misses the Net.
2:14 of 1st period - Shot by Elmer Soderblom.
2:14 of 1st period - Stopped by Alexei Kolosov without a rebound.
2:15 of 1st period - Greg McKegg wins face-off versus Elmer Soderblom in Senators zone.
3:08 of 1st period - Icing by David Jiricek.
3:09 of 1st period - Cal O'Reilly wins face-off versus Raphael Lavoie in Silver Tips zone.
3:15 of 1st period - David Jiricek is hit by Logan Day.
3:57 of 1st period - Icing by David Jiricek.
3:58 of 1st period - Peter Abbandonato wins face-off versus Raphael Lavoie in Silver Tips zone.
3:59 of 1st period - Shot by Givani Smith.
3:59 of 1st period - Stopped by Joel Hofer with a rebound.
4:01 of 1st period - Shot by Dakota Mermis.
4:01 of 1st period - Shot Misses the Net.
4:03 of 1st period - Shot by Peter Abbandonato.
4:03 of 1st period - Shot Misses the Net.
4:05 of 1st period - Shot by Peter Abbandonato.
4:05 of 1st period - Shot Blocked by David Jiricek.
4:07 of 1st period - Shot by Greg McKegg.
4:07 of 1st period - Shot Misses the Net.
4:09 of 1st period - Shot by Greg McKegg.
4:09 of 1st period - Goal by Greg McKegg - Silver Tips : 0 - Senators : 1.
4:10 of 1st period - Nathan Todd wins face-off versus Graeme Clarke in neutral zone.
4:10 of 1st period - Kailer Yamamoto is hit by Tye Felhaber and loses puck.
5:02 of 1st period - Minor Penalty to Riley Stillman for Hooking.
5:03 of 1st period - Brock McGinn wins face-off versus Greg McKegg in Senators zone.
5:18 of 1st period - Shot by Brock McGinn.
5:18 of 1st period - Shot Misses the Net.
5:20 of 1st period - Shot by Yegor Zamula.
5:20 of 1st period - Shot Misses the Net.
5:24 of 1st period - Shot by Caleb Jones.
5:24 of 1st period - Stopped by Alexei Kolosov without a rebound.
5:25 of 1st period - Juuso Parssinen wins face-off versus Greg McKegg in Senators zone.
6:14 of 1st period - Icing by Elmer Soderblom.
6:15 of 1st period - Mathieu Olivier wins face-off versus Dylan Holloway in Silver Tips zone.
6:16 of 1st period - Shot by Greg McKegg.
6:16 of 1st period - Shot Misses the Net.
7:43 of 1st period - Shot by Roland McKeown.
7:43 of 1st period - Stopped by Joel Hofer with a rebound.
7:45 of 1st period - Shot by Milan Lucic.
7:45 of 1st period - Shot Blocked by Jeremy Davies.
7:47 of 1st period - Shot by Milan Lucic.
7:47 of 1st period - Stopped by Joel Hofer without a rebound.
7:48 of 1st period - Peter Abbandonato wins face-off versus Raphael Lavoie in Silver Tips zone.
7:48 of 1st period - Givani Smith is hit by Marc Staal and loses puck.
8:17 of 1st period - Shot by Samuel Fagemo.
8:17 of 1st period - Shot Misses the Net.
8:42 of 1st period - Minor Penalty to Yegor Zamula for Cross-checking.
8:43 of 1st period - Dylan Holloway wins face-off versus Seth Griffith in Silver Tips zone.
8:43 of 1st period - Dylan Holloway is hit by Mathieu Olivier.
8:57 of 1st period - Shot by Seth Griffith.
8:57 of 1st period - Shot Misses the Net.
8:59 of 1st period - Shot by Dakota Mermis.
8:59 of 1st period - Stopped by Joel Hofer without a rebound.
9:00 of 1st period - Seth Griffith wins face-off versus Raphael Lavoie in Silver Tips zone.
9:03 of 1st period - Shot by Graeme Clarke.
9:03 of 1st period - Stopped by Joel Hofer with a rebound.
9:05 of 1st period - Shot by Dakota Mermis.
9:05 of 1st period - Shot Blocked by Caleb Jones.
9:07 of 1st period - Shot by Seth Griffith.
9:07 of 1st period - Stopped by Joel Hofer without a rebound.
9:08 of 1st period - Seth Griffith wins face-off versus Dylan Holloway in Silver Tips zone.
9:23 of 1st period - Shot by Seth Griffith.
9:23 of 1st period - Deflect By Gerry Mayhew.
9:23 of 1st period - Stopped by Joel Hofer with a rebound.
9:25 of 1st period - Shot by Mathieu Olivier.
9:25 of 1st period - Stopped by Joel Hofer with a rebound.
10:53 of 1st period - Shot by Milan Lucic.
10:53 of 1st period - Stopped by Joel Hofer with a rebound.
10:55 of 1st period - Shot by Cal O'Reilly.
10:55 of 1st period - Shot Misses the Net.
11:07 of 1st period - Icing by Roland McKeown.
11:08 of 1st period - Raphael Lavoie wins face-off versus Cal O'Reilly in Senators zone.
11:25 of 1st period - Shot by Samuel Fagemo.
11:25 of 1st period - Stopped by Alexei Kolosov with a rebound.
11:55 of 1st period - Shot by Dylan Holloway.
11:55 of 1st period - Shot Misses the Net.
11:57 of 1st period - Shot by Brock McGinn.
11:57 of 1st period - Stopped by Alexei Kolosov without a rebound.
11:58 of 1st period - Peter Abbandonato wins face-off versus Nathan Todd in Senators zone.
12:00 of 1st period - Icing by Jon Merrill.
12:01 of 1st period - Dylan Holloway wins face-off versus Peter Abbandonato in Senators zone.
12:02 of 1st period - Shot by Brock McGinn.
12:02 of 1st period - Shot Hit the Post.
12:04 of 1st period - Shot by Dylan Holloway.
12:04 of 1st period - Shot Misses the Net.
12:06 of 1st period - Shot by Dylan Holloway.
12:06 of 1st period - Stopped by Alexei Kolosov with a rebound.
12:14 of 1st period - Shot by Brock McGinn.
12:14 of 1st period - Deflect By Dylan Holloway.
12:14 of 1st period - Stopped by Alexei Kolosov without a rebound.
12:15 of 1st period - Juuso Parssinen wins face-off versus Seth Griffith in Senators zone.
12:24 of 1st period - Shot by Kailer Yamamoto.
12:24 of 1st period - Shot Misses the Net.
12:28 of 1st period - Shot by Kailer Yamamoto.
12:28 of 1st period - Shot Misses the Net.
12:34 of 1st period - Shot by Kailer Yamamoto.
12:34 of 1st period - Stopped by Alexei Kolosov with a rebound.
12:36 of 1st period - Shot by Nathan Todd.
12:36 of 1st period - Shot Blocked by Dakota Mermis.
12:50 of 1st period - Shot by Juuso Parssinen.
12:50 of 1st period - Stopped by Alexei Kolosov with a rebound.
13:08 of 1st period - Shot by Brock McGinn.
13:08 of 1st period - Shot Misses the Net.
13:27 of 1st period - Shot by Dylan Holloway.
13:27 of 1st period - Stopped by Alexei Kolosov with a rebound.
13:29 of 1st period - Shot by Elmer Soderblom.
13:29 of 1st period - Stopped by Alexei Kolosov without a rebound.
13:30 of 1st period - Raphael Lavoie wins face-off versus Peter Abbandonato in Senators zone.
13:57 of 1st period - Shot by Givani Smith.
13:57 of 1st period - Shot Blocked by Caleb Jones.
13:59 of 1st period - Shot by Greg McKegg.
13:59 of 1st period - Shot Blocked by Caleb Jones.
14:01 of 1st period - Shot by Peter Abbandonato.
14:01 of 1st period - Stopped by Joel Hofer with a rebound.
14:03 of 1st period - Shot by Greg McKegg.
14:03 of 1st period - Shot Misses the Net.
14:12 of 1st period - Icing by Yegor Zamula.
14:13 of 1st period - Graeme Clarke wins face-off versus Raphael Lavoie in Silver Tips zone.
14:16 of 1st period - Shot by Tye Felhaber.
14:16 of 1st period - Shot Misses the Net.
14:18 of 1st period - Shot by Tye Felhaber.
14:18 of 1st period - Shot Misses the Net.
14:20 of 1st period - Shot by Tye Felhaber.
14:20 of 1st period - Shot Blocked by Caleb Jones.
14:22 of 1st period - Shot by Tye Felhaber.
14:22 of 1st period - Shot Blocked by Caleb Jones.
14:24 of 1st period - Shot by Tye Felhaber.
14:24 of 1st period - Stopped by Joel Hofer with a rebound.
14:26 of 1st period - Shot by Gerry Mayhew.
14:26 of 1st period - Shot Blocked by Caleb Jones.
14:28 of 1st period - Shot by Riley Stillman.
14:28 of 1st period - Shot Blocked by Caleb Jones.
14:41 of 1st period - Yegor Zamula is hit by Riley Stillman and loses puck.
14:45 of 1st period - Icing by Roland McKeown.
14:46 of 1st period - Graeme Clarke wins face-off versus Adam Cracknell in Senators zone.
14:46 of 1st period - Tye Felhaber is hit by Kailer Yamamoto and loses puck.
14:58 of 1st period - Off-side.
14:59 of 1st period - Cal O'Reilly wins face-off versus Dylan Holloway in neutral zone.
15:29 of 1st period - Shot by Dylan Holloway.
15:29 of 1st period - Stopped by Alexei Kolosov with a rebound.
15:31 of 1st period - Shot by Jeremy Davies.
15:31 of 1st period - Shot Misses the Net.
15:33 of 1st period - Shot by Jeremy Davies.
15:33 of 1st period - Stopped by Alexei Kolosov without a rebound.
15:34 of 1st period - Seth Griffith wins face-off versus Nathan Todd in Senators zone.
15:41 of 1st period - Shot by Cameron Hebig.
15:41 of 1st period - Shot Misses the Net.
16:05 of 1st period - Shot by Nathan Todd.
16:05 of 1st period - Shot Blocked by William Villeneuve.
16:07 of 1st period - Shot by Nathan Todd.
16:07 of 1st period - Stopped by Alexei Kolosov without a rebound.
16:08 of 1st period - Raphael Lavoie wins face-off versus Peter Abbandonato in Senators zone.
16:23 of 1st period - Shot by Chase De Leo.
16:23 of 1st period - Shot Misses the Net.
17:20 of 1st period - Off-side.
17:21 of 1st period - Seth Griffith wins face-off versus Juuso Parssinen in neutral zone.
17:25 of 1st period - Icing by Marc Staal.
17:26 of 1st period - Seth Griffith wins face-off versus Juuso Parssinen in Silver Tips zone.
19:07 of 1st period - Raphael Lavoie is hit by Greg McKegg and loses puck.
19:20 of 1st period - Shot by Chase De Leo.
19:20 of 1st period - Shot Misses the Net.
19:22 of 1st period - Shot by Chase De Leo.
19:22 of 1st period - Goal by Chase De Leo - Silver Tips : 1 - Senators : 1.
19:23 of 1st period - Graeme Clarke wins face-off versus Nathan Todd in neutral zone.
19:37 of 1st period - Off-side.
19:38 of 1st period - Raphael Lavoie wins face-off versus Cal O'Reilly in neutral zone.
Goals for this period are 1 for Silver Tips vs 1 for Senators.
Shots for this period are 14 for Silver Tips vs 14 for Senators.

2nd period


0:01 of 2nd period - Seth Griffith wins face-off versus Nathan Todd in neutral zone.
1:01 of 2nd period - Icing by Yegor Zamula.
1:02 of 2nd period - Graeme Clarke wins face-off versus Dylan Holloway in Silver Tips zone.
1:09 of 2nd period - Shot by Gerry Mayhew.
1:09 of 2nd period - Shot Misses the Net.
1:11 of 2nd period - Shot by Riley Stillman.
1:11 of 2nd period - Deflect By Tye Felhaber.
1:11 of 2nd period - Shot Blocked by Yegor Zamula.
1:13 of 2nd period - Shot by Roland McKeown.
1:13 of 2nd period - Stopped by Joel Hofer with a rebound.
1:18 of 2nd period - Icing by Brock McGinn.
1:19 of 2nd period - Peter Abbandonato wins face-off versus Dylan Holloway in Silver Tips zone.
1:24 of 2nd period - Shot by Peter Abbandonato.
1:24 of 2nd period - Shot Misses the Net.
1:25 of 2nd period - Minor Penalty to Givani Smith for Tripping.
1:26 of 2nd period - Greg McKegg wins face-off versus Kailer Yamamoto in Senators zone.
1:50 of 2nd period - Shot by Juuso Parssinen.
1:50 of 2nd period - Shot Blocked by William Villeneuve.
1:52 of 2nd period - Shot by Kailer Yamamoto.
1:52 of 2nd period - Shot Misses the Net.
1:54 of 2nd period - Shot by Marc Staal.
1:54 of 2nd period - Stopped by Alexei Kolosov without a rebound.
1:55 of 2nd period - Greg McKegg wins face-off versus Dylan Holloway in Senators zone.
1:55 of 2nd period - Greg McKegg is hit by Elmer Soderblom.
2:25 of 2nd period - Shot by Dylan Holloway.
2:25 of 2nd period - Shot Misses the Net.
3:05 of 2nd period - Shot by Erik Gustafsson.
3:05 of 2nd period - Shot Misses the Net.
3:37 of 2nd period - Shot by Raphael Lavoie.
3:37 of 2nd period - Shot Misses the Net.
3:44 of 2nd period - Icing by Jon Merrill.
3:45 of 2nd period - Nathan Todd wins face-off versus Graeme Clarke in Senators zone.
4:02 of 2nd period - Kailer Yamamoto is hit by Gerry Mayhew and loses puck.
4:35 of 2nd period - Minor Penalty to Marc Staal for Roughing.
4:36 of 2nd period - Seth Griffith wins face-off versus Dylan Holloway in Silver Tips zone.
5:31 of 2nd period - Shot by Dakota Mermis.
5:31 of 2nd period - Stopped by Joel Hofer without a rebound.
5:32 of 2nd period - Peter Abbandonato wins face-off versus Raphael Lavoie in Silver Tips zone.
6:02 of 2nd period - Icing by Graeme Clarke.
6:03 of 2nd period - Peter Abbandonato wins face-off versus Dylan Holloway in Senators zone.
6:54 of 2nd period - Shot by Adam Cracknell.
6:54 of 2nd period - Stopped by Alexei Kolosov with a rebound.
6:56 of 2nd period - Shot by Nathan Todd.
6:56 of 2nd period - Shot Blocked by Roland McKeown.
7:32 of 2nd period - Shot by Marc Staal.
7:32 of 2nd period - Shot Misses the Net.
7:35 of 2nd period - Icing by Riley Stillman.
7:36 of 2nd period - Milan Lucic wins face-off versus Dylan Holloway in Senators zone.
7:36 of 2nd period - Milan Lucic is hit by Brock McGinn.
8:19 of 2nd period - Icing by Mathieu Olivier.
8:20 of 2nd period - Raphael Lavoie wins face-off versus Seth Griffith in Senators zone.
8:20 of 2nd period - Erik Gustafsson is hit by Jon Merrill and loses puck.
8:28 of 2nd period - Minor Penalty to Mathieu Olivier for Hooking.
8:29 of 2nd period - Greg McKegg wins face-off versus Juuso Parssinen in Senators zone.
9:16 of 2nd period - Shot by Yegor Zamula.
9:16 of 2nd period - Stopped by Alexei Kolosov without a rebound.
9:17 of 2nd period - Dylan Holloway wins face-off versus Greg McKegg in Senators zone.
9:26 of 2nd period - Shot by Yegor Zamula.
9:26 of 2nd period - Shot Misses the Net.
9:38 of 2nd period - Shot by Caleb Jones.
9:38 of 2nd period - Stopped by Alexei Kolosov without a rebound.
9:39 of 2nd period - Tye Felhaber wins face-off versus Juuso Parssinen in Senators zone.
9:48 of 2nd period - Shot by Samuel Fagemo.
9:48 of 2nd period - Shot Blocked by Logan Day.
10:54 of 2nd period - Cal O'Reilly is hit by David Jiricek and loses puck.
11:11 of 2nd period - Shot by Seth Griffith.
11:11 of 2nd period - Deflect By Mathieu Olivier.
11:11 of 2nd period - Stopped by Joel Hofer without a rebound.
11:12 of 2nd period - Graeme Clarke wins face-off versus Dylan Holloway in Silver Tips zone.
11:15 of 2nd period - Shot by Gerry Mayhew.
11:15 of 2nd period - Shot Blocked by Caleb Jones.
11:37 of 2nd period - Shot by Elmer Soderblom.
11:37 of 2nd period - Deflect By Dylan Holloway.
11:37 of 2nd period - Shot Blocked by Logan Day.
11:39 of 2nd period - Shot by Brock McGinn.
11:39 of 2nd period - Shot Misses the Net.
11:41 of 2nd period - Shot by Caleb Jones.
11:41 of 2nd period - Shot Misses the Net.
11:57 of 2nd period - Shot by Juuso Parssinen.
11:57 of 2nd period - Goal by Juuso Parssinen - Silver Tips : 2 - Senators : 1.
11:58 of 2nd period - Nathan Todd wins face-off versus Seth Griffith in neutral zone.
12:13 of 2nd period - Shot by Kailer Yamamoto.
12:13 of 2nd period - Shot Misses the Net.
12:18 of 2nd period - Kailer Yamamoto is hit by Riley Stillman and loses puck.
12:51 of 2nd period - Shot by Chase De Leo.
12:51 of 2nd period - Stopped by Alexei Kolosov without a rebound.
12:52 of 2nd period - Dylan Holloway wins face-off versus Cal O'Reilly in Senators zone.
12:55 of 2nd period - Shot by Elmer Soderblom.
12:55 of 2nd period - Stopped by Alexei Kolosov without a rebound.
12:56 of 2nd period - Dylan Holloway wins face-off versus Peter Abbandonato in Senators zone.
13:00 of 2nd period - Minor Penalty to Givani Smith for Holding.
13:01 of 2nd period - Greg McKegg wins face-off versus Dylan Holloway in Senators zone.
13:29 of 2nd period - Shot by Brock McGinn.
13:29 of 2nd period - Stopped by Alexei Kolosov without a rebound.
13:30 of 2nd period - Greg McKegg wins face-off versus Juuso Parssinen in Senators zone.
13:45 of 2nd period - Shot by Juuso Parssinen.
13:45 of 2nd period - Shot Misses the Net.
14:37 of 2nd period - Shot by Dylan Holloway.
14:37 of 2nd period - Shot Misses the Net.
14:39 of 2nd period - Shot by Elmer Soderblom.
14:39 of 2nd period - Shot Misses the Net.
15:00 of 2nd period - Icing by Juuso Parssinen.
15:01 of 2nd period - Raphael Lavoie wins face-off versus Cal O'Reilly in Silver Tips zone.
15:16 of 2nd period - Shot by Chase De Leo.
15:16 of 2nd period - Deflect By Adam Cracknell.
15:16 of 2nd period - Shot Misses the Net.
15:41 of 2nd period - Shot by Jon Merrill.
15:41 of 2nd period - Shot Misses the Net.
16:27 of 2nd period - Shot by Gerry Mayhew.
16:27 of 2nd period - Deflect By Tye Felhaber.
16:27 of 2nd period - Shot Hit the Post.
16:35 of 2nd period - Shot by Graeme Clarke.
16:35 of 2nd period - Shot Blocked by Caleb Jones.
16:37 of 2nd period - Shot by Graeme Clarke.
16:37 of 2nd period - Shot Misses the Net.
16:39 of 2nd period - Shot by Gerry Mayhew.
16:39 of 2nd period - Shot Misses the Net.
16:41 of 2nd period - Shot by Tye Felhaber.
16:41 of 2nd period - Goal by Tye Felhaber - Silver Tips : 2 - Senators : 2.
16:42 of 2nd period - Dylan Holloway wins face-off versus Peter Abbandonato in neutral zone.
17:19 of 2nd period - Greg McKegg is hit by Elmer Soderblom and loses puck.
17:39 of 2nd period - Icing by Dakota Mermis.
17:40 of 2nd period - Raphael Lavoie wins face-off versus Peter Abbandonato in Senators zone.
17:40 of 2nd period - Raphael Lavoie is hit by William Villeneuve.
17:54 of 2nd period - Shot by Samuel Fagemo.
17:54 of 2nd period - Stopped by Alexei Kolosov without a rebound.
17:55 of 2nd period - Nathan Todd wins face-off versus Seth Griffith in Senators zone.
19:08 of 2nd period - Mathieu Olivier is hit by Elmer Soderblom and loses puck.
19:12 of 2nd period - Off-side.
19:13 of 2nd period - Graeme Clarke wins face-off versus Raphael Lavoie in neutral zone.
19:21 of 2nd period - Shot by Samuel Fagemo.
19:21 of 2nd period - Stopped by Alexei Kolosov without a rebound.
19:22 of 2nd period - Cal O'Reilly wins face-off versus Chase De Leo in Senators zone.
19:30 of 2nd period - Milan Lucic is hit by Jeremy Davies and loses puck.
19:34 of 2nd period - Minor Penalty to David Jiricek for Hooking.
19:35 of 2nd period - Dylan Holloway wins face-off versus Peter Abbandonato in Silver Tips zone.
19:45 of 2nd period - Dakota Mermis is hit by Dylan Holloway and loses puck.
Goals for this period are 1 for Silver Tips vs 1 for Senators.
Shots for this period are 10 for Silver Tips vs 4 for Senators.

3rd period


0:01 of 3rd period - Gerry Mayhew wins face-off versus Dylan Holloway in neutral zone.
0:04 of 3rd period - Shot by Seth Griffith.
0:04 of 3rd period - Stopped by Joel Hofer without a rebound.
0:05 of 3rd period - Seth Griffith wins face-off versus Dylan Holloway in Silver Tips zone.
0:27 of 3rd period - Icing by Graeme Clarke.
0:28 of 3rd period - Seth Griffith wins face-off versus Dylan Holloway in Senators zone.
0:44 of 3rd period - Seth Griffith is hit by Caleb Jones and loses puck.
0:48 of 3rd period - Minor Penalty to Caleb Jones for Tripping.
0:49 of 3rd period - Peter Abbandonato wins face-off versus Kailer Yamamoto in Silver Tips zone.
0:52 of 3rd period - Shot by Tye Felhaber.
0:52 of 3rd period - Shot Misses the Net.
0:54 of 3rd period - Shot by Cameron Hebig.
0:54 of 3rd period - Stopped by Joel Hofer without a rebound.
0:55 of 3rd period - Peter Abbandonato wins face-off versus Kailer Yamamoto in Silver Tips zone.
1:12 of 3rd period - Shot by Givani Smith.
1:12 of 3rd period - Stopped by Joel Hofer without a rebound.
1:13 of 3rd period - Kailer Yamamoto wins face-off versus Seth Griffith in Silver Tips zone.
1:31 of 3rd period - Off-side.
1:32 of 3rd period - Kailer Yamamoto wins face-off versus Peter Abbandonato in neutral zone.
1:51 of 3rd period - Shot by Juuso Parssinen.
1:51 of 3rd period - Shot Misses the Net.
2:13 of 3rd period - Minor Penalty to Mathieu Olivier for Tripping.
2:14 of 3rd period - Seth Griffith wins face-off versus Raphael Lavoie in Senators zone.
2:49 of 3rd period - Shot by Gerry Mayhew.
2:49 of 3rd period - Shot Misses the Net.
3:57 of 3rd period - Off-side.
3:58 of 3rd period - Cal O'Reilly wins face-off versus Juuso Parssinen in neutral zone.
4:14 of 3rd period - Minor Penalty to Adam Cracknell for Hooking.
4:15 of 3rd period - Seth Griffith wins face-off versus Kailer Yamamoto in Silver Tips zone.
5:18 of 3rd period - Shot by Tye Felhaber.
5:18 of 3rd period - Shot Misses the Net.
6:00 of 3rd period - David Jiricek is hit by Mathieu Olivier and loses puck.
6:18 of 3rd period - Icing by Yegor Zamula.
6:19 of 3rd period - Cal O'Reilly wins face-off versus Nathan Todd in Silver Tips zone.
6:30 of 3rd period - Shot by Cal O'Reilly.
6:30 of 3rd period - Deflect By Milan Lucic.
6:30 of 3rd period - Stopped by Joel Hofer without a rebound.
6:31 of 3rd period - Raphael Lavoie wins face-off versus Peter Abbandonato in Silver Tips zone.
7:37 of 3rd period - Roland McKeown is hit by Juuso Parssinen and loses puck.
8:47 of 3rd period - Minor Penalty to Mathieu Olivier for Interference.
8:48 of 3rd period - Greg McKegg wins face-off versus Kailer Yamamoto in Senators zone.
9:09 of 3rd period - Shot by Erik Gustafsson.
9:09 of 3rd period - Shot Misses the Net.
9:56 of 3rd period - Off-side.
9:57 of 3rd period - Brock McGinn wins face-off versus Greg McKegg in neutral zone.
10:06 of 3rd period - Shot by Dylan Holloway.
10:06 of 3rd period - Deflect By Brock McGinn.
10:06 of 3rd period - Shot Misses the Net.
10:51 of 3rd period - Dakota Mermis is hit by David Jiricek and loses puck.
10:52 of 3rd period - Minor Penalty to Jeremy Davies for Roughing.
10:53 of 3rd period - Seth Griffith wins face-off versus Raphael Lavoie in Silver Tips zone.
10:54 of 3rd period - Shot by Graeme Clarke.
10:54 of 3rd period - Stopped by Joel Hofer with a rebound.
11:06 of 3rd period - Shot by Juuso Parssinen.
11:06 of 3rd period - Stopped by Alexei Kolosov without a rebound.
11:07 of 3rd period - Raphael Lavoie wins face-off versus Seth Griffith in Senators zone.
11:38 of 3rd period - Shot by Seth Griffith.
11:38 of 3rd period - Stopped by Joel Hofer without a rebound.
11:39 of 3rd period - Kailer Yamamoto wins face-off versus Peter Abbandonato in Silver Tips zone.
11:55 of 3rd period - Icing by Tye Felhaber.
11:56 of 3rd period - Dylan Holloway wins face-off versus Peter Abbandonato in Senators zone.
12:01 of 3rd period - Shot by Dylan Holloway.
12:01 of 3rd period - Stopped by Alexei Kolosov without a rebound.
12:02 of 3rd period - Seth Griffith wins face-off versus Kailer Yamamoto in Senators zone.
12:09 of 3rd period - Marc Staal is hit by Mathieu Olivier and loses puck.
12:22 of 3rd period - Shot by Seth Griffith.
12:22 of 3rd period - Shot Blocked by Caleb Jones.
12:53 of 3rd period - Juuso Parssinen is hit by Roland McKeown and loses puck.
12:54 of 3rd period - Minor Penalty to Riley Stillman for Roughing.
12:55 of 3rd period - Adam Cracknell wins face-off versus Cal O'Reilly in Senators zone.
12:58 of 3rd period - Shot by Kailer Yamamoto.
12:58 of 3rd period - Shot Blocked by Logan Day.
13:09 of 3rd period - Shot by Samuel Fagemo.
13:09 of 3rd period - Stopped by Alexei Kolosov with a rebound.
13:45 of 3rd period - Shot by Elmer Soderblom.
13:45 of 3rd period - Shot Misses the Net.
13:47 of 3rd period - Shot by Erik Gustafsson.
13:47 of 3rd period - Stopped by Alexei Kolosov with a rebound.
13:49 of 3rd period - Shot by Brock McGinn.
13:49 of 3rd period - Stopped by Alexei Kolosov with a rebound.
13:51 of 3rd period - Shot by Brock McGinn.
13:51 of 3rd period - Shot Blocked by Logan Day.
13:53 of 3rd period - Shot by Elmer Soderblom.
13:53 of 3rd period - Shot Blocked by Milan Lucic.
14:11 of 3rd period - Shot by Samuel Fagemo.
14:11 of 3rd period - Shot Blocked by Logan Day.
14:15 of 3rd period - Shot by Kailer Yamamoto.
14:15 of 3rd period - Shot Misses the Net.
14:17 of 3rd period - Shot by David Jiricek.
14:17 of 3rd period - Shot Misses the Net.
14:19 of 3rd period - Shot by David Jiricek.
14:19 of 3rd period - Shot Blocked by William Villeneuve.
14:21 of 3rd period - Shot by Yegor Zamula.
14:21 of 3rd period - Shot Blocked by Cal O'Reilly.
14:25 of 3rd period - Shot by Kailer Yamamoto.
14:25 of 3rd period - Stopped by Alexei Kolosov without a rebound.
14:26 of 3rd period - Greg McKegg wins face-off versus Dylan Holloway in Senators zone.
14:26 of 3rd period - Greg McKegg is hit by Brock McGinn.
14:37 of 3rd period - Icing by David Jiricek.
14:38 of 3rd period - Greg McKegg wins face-off versus Dylan Holloway in Silver Tips zone.
14:53 of 3rd period - Brock McGinn is hit by Roland McKeown.
15:07 of 3rd period - Off-side.
15:08 of 3rd period - Juuso Parssinen wins face-off versus Peter Abbandonato in neutral zone.
15:20 of 3rd period - Minor Penalty to Jon Merrill for Holding.
15:21 of 3rd period - Greg McKegg wins face-off versus Juuso Parssinen in Senators zone.
15:49 of 3rd period - Juuso Parssinen is hit by Riley Stillman and loses puck.
16:13 of 3rd period - Brock McGinn is hit by Roland McKeown and loses puck.
17:23 of 3rd period - Shot by Juuso Parssinen.
17:23 of 3rd period - Shot Misses the Net.
17:25 of 3rd period - Shot by Raphael Lavoie.
17:25 of 3rd period - Stopped by Alexei Kolosov with a rebound.
17:57 of 3rd period - Shot by Adam Cracknell.
17:57 of 3rd period - Stopped by Alexei Kolosov without a rebound.
17:58 of 3rd period - Dylan Holloway wins face-off versus Cal O'Reilly in Senators zone.
17:58 of 3rd period - Dylan Holloway is hit by Logan Day.
17:59 of 3rd period - Minor Penalty to Jon Merrill for Roughing.
18:00 of 3rd period - Dylan Holloway wins face-off versus Cal O'Reilly in Senators zone.
18:20 of 3rd period - Icing by Caleb Jones.
18:21 of 3rd period - Dylan Holloway wins face-off versus Milan Lucic in Silver Tips zone.
19:27 of 3rd period - Icing by Samuel Fagemo.
19:28 of 3rd period - Greg McKegg wins face-off versus Juuso Parssinen in Silver Tips zone.
19:28 of 3rd period - Greg McKegg is hit by Marc Staal.
Goals for this period are 0 for Silver Tips vs 0 for Senators.
Shots for this period are 8 for Silver Tips vs 6 for Senators.

Overtime #1


0:01 of 1st overtime period - Juuso Parssinen wins face-off versus Seth Griffith in neutral zone.
0:16 of 1st overtime period - Shot by Seth Griffith.
0:16 of 1st overtime period - Stopped by Joel Hofer without a rebound.
0:17 of 1st overtime period - Seth Griffith wins face-off versus Adam Cracknell in Silver Tips zone.
0:36 of 1st overtime period - Shot by Mathieu Olivier.
0:36 of 1st overtime period - Shot Misses the Net.
0:38 of 1st overtime period - Shot by Seth Griffith.
0:38 of 1st overtime period - Stopped by Joel Hofer with a rebound.
0:40 of 1st overtime period - Shot by Mathieu Olivier.
0:40 of 1st overtime period - Shot Misses the Net.
1:09 of 1st overtime period - Icing by Marc Staal.
1:10 of 1st overtime period - Graeme Clarke wins face-off versus Kailer Yamamoto in Silver Tips zone.
1:10 of 1st overtime period - Graeme Clarke is hit by Marc Staal.
1:23 of 1st overtime period - Shot by Kailer Yamamoto.
1:23 of 1st overtime period - Shot Misses the Net.
1:25 of 1st overtime period - Shot by Brock McGinn.
1:25 of 1st overtime period - Stopped by Alexei Kolosov without a rebound.
1:26 of 1st overtime period - Adam Cracknell wins face-off versus Graeme Clarke in Senators zone.
2:17 of 1st overtime period - Shot by Givani Smith.
2:17 of 1st overtime period - Shot Misses the Net.
2:37 of 1st overtime period - Shot by Brock McGinn.
2:37 of 1st overtime period - Shot Misses the Net.
2:55 of 1st overtime period - Shot by Gerry Mayhew.
2:55 of 1st overtime period - Shot Blocked by Erik Gustafsson.
3:02 of 1st overtime period - Icing by Erik Gustafsson.
3:03 of 1st overtime period - Juuso Parssinen wins face-off versus Graeme Clarke in Silver Tips zone.
3:26 of 1st overtime period - Shot by Dylan Holloway.
3:26 of 1st overtime period - Stopped by Alexei Kolosov without a rebound.
3:27 of 1st overtime period - Gerry Mayhew wins face-off versus Adam Cracknell in Senators zone.
3:38 of 1st overtime period - Shot by Kailer Yamamoto.
3:38 of 1st overtime period - Deflect By Adam Cracknell.
3:38 of 1st overtime period - Stopped by Alexei Kolosov with a rebound.
3:54 of 1st overtime period - Shot by Gerry Mayhew.
3:54 of 1st overtime period - Shot Misses the Net.
3:56 of 1st overtime period - Shot by William Villeneuve.
3:56 of 1st overtime period - Stopped by Joel Hofer without a rebound.
3:57 of 1st overtime period - Dylan Holloway wins face-off versus Seth Griffith in Silver Tips zone.
4:23 of 1st overtime period - Shot by Dylan Holloway.
4:23 of 1st overtime period - Stopped by Alexei Kolosov with a rebound.
4:27 of 1st overtime period - Shot by Dylan Holloway.
4:27 of 1st overtime period - Stopped by Alexei Kolosov with a rebound.
4:29 of 1st overtime period - Shot by Caleb Jones.
4:29 of 1st overtime period - Stopped by Alexei Kolosov without a rebound.
4:30 of 1st overtime period - Graeme Clarke wins face-off versus Adam Cracknell in Senators zone.
Goals for this period are 0 for Silver Tips vs 0 for Senators.
Shots for this period are 6 for Silver Tips vs 3 for Senators.

ShootOut


5:00 of 1st overtime period - Round #1.
5:00 of 1st overtime period - Silver Tips, Samuel Fagemo.
5:00 of 1st overtime period - Goal by Samuel Fagemo.
5:00 of 1st overtime period - Senators, Gerry Mayhew.
5:00 of 1st overtime period - Stopped by Joel Hofer.
5:00 of 1st overtime period - Round #2.
5:00 of 1st overtime period - Silver Tips, Juuso Parssinen.
5:00 of 1st overtime period - Shot Misses the Net.
5:00 of 1st overtime period - Senators, Seth Griffith.
5:00 of 1st overtime period - Stopped by Joel Hofer.
5:00 of 1st overtime period - Round #3.
5:00 of 1st overtime period - Silver Tips, Kailer Yamamoto.
5:00 of 1st overtime period - Stopped by Alexei Kolosov.
5:00 of 1st overtime period - Senators, Graeme Clarke.
5:00 of 1st overtime period - Stopped by Joel Hofer.